 Dungeon Crawl Stone Soup version 0.15.0-16-gce31824 (console) character file.

1698 gw the Cleaver (level 8, 34/73 HPs)
             Began as a Deep Dwarf Gladiator on Sept 5, 2014.
             Was a Priest of Makhleb.
             Starved to death
             ... on Level 7 of the Dungeon.
             The game lasted 00:05:42 (6997 turns).

gw the Cleaver (Deep Dwarf Gladiator)               Turns: 6997, Time: 00:05:42

HP  34/73        AC 15     Str 19      XL: 8   Next: 72%
MP   8/8         EV  5     Int  7 (9)  God: Makhleb [***...]
Gold 0           SH  0     Dex 12 (13) Spells:  0 memorised,  7 levels left

rFire  . . .     SeeInvis .     s - +0 battleaxe
rCold  . . .     Clarity  .     n - +0 plate armour
rNeg   . . .     rCorr    .     (no shield)
rPois  .         rRot     .     c - +0 helmet
rElec  .         Spirit   .     o - +0 cloak
SustAb .         Warding  .     (no gloves)
rMut   .         Stasis   .     v - +0 pair of boots
Gourm  .                        g - cursed amulet of inaccuracy
MR     +....                    (no ring)
                                (no ring)

@: starving, non-regenerating, somewhat resistant to hostile enchantments,
extremely unstealthy
A: damage resistance, recharge devices, clumsy 1, low mp 1, sense surroundings
1, slow healing 3
a: Device Recharging, Minor Destruction, Lesser Servant of Makhleb, Renounce
Religion


You were on level 7 of the Dungeon.
You worshipped Makhleb.
Makhleb was most pleased with you.
You were starving.

You visited 1 branch of the dungeon, and saw 7 of its levels.

Inventory:

Hand weapons
 s - a +0 battleaxe (weapon)
Missiles
 d - 3 throwing nets
 i - 187 stones (quivered)
 p - 2 javelins
Armour
 c - a +0 helmet (worn)
 n - a +0 plate armour (worn)
 o - a +0 cloak (worn)
 v - a +0 pair of boots (worn)
Magical devices
 e - a wand of heal wounds (1)
 j - a wand of hasting (0)
 k - a wand of random effects (7)
Comestibles
 f - 6 bread rations
 r - 4 meat rations
 t - a slice of pizza
 u - 7 fruits
 w - a beef jerky
Scrolls
 h - a scroll of fog
 m - 4 scrolls of remove curse
 q - 8 scrolls of identify
Jewellery
 g - a cursed amulet of inaccuracy (around neck)
Potions
 b - a potion of flight
 l - a potion of curing


   Skills:
 + Level 4.3 Fighting
 * Level 8.1 Axes
 + Level 4.2 Throwing
 + Level 4.7 Armour
 - Level 3.2 Dodging
 + Level 5.6 Invocations


You had 7 spell levels left.
You didn't know any spells.

Dungeon Overview and Level Annotations

Branches:
Dungeon (7/15)             Temple (0/1) D:4

Altars:
Dithmenos
Fedhas
Makhleb
Yredelemnul

Annotations:
D:6 exclusion: downstairs


Innate Abilities, Weirdness & Mutations

You are resistant to damage.
You can recharge devices by infusing magical energy.
You passively map a small area around you.
You do not heal naturally.
You are clumsy. (Dex -2)
Your magical capacity is low (-10% MP).


Message History

The spriggan baker is moderately wounded.
The spriggan baker hits you but does no damage.
ATTACK MOVE TO (0,1)
You completely miss the spriggan baker.
The spriggan baker is moderately wounded.
The spriggan baker hits you but does no damage.
ATTACK MOVE TO (0,1)
You barely miss the spriggan baker.
The spriggan baker is moderately wounded.
The spriggan baker hits you but does no damage. x2
ATTACK MOVE TO (0,1)
You miss the spriggan baker.
The spriggan baker is moderately wounded.
The spriggan baker hits you but does no damage.
ATTACK MOVE TO (0,1)
You miss the spriggan baker.
The spriggan baker is moderately wounded.
The spriggan baker hits you with a dagger.
You have starved to death.
You die...

......##.##
#..........# * ,
......##..#
##.######..,
########..## #... * ,
#..........# #..######,
,
#..........###.......#
#...........##$.##.#.#
** * ,
#.........#.##.%##.#.#,
,
...).....##..#..##.#.#*
* ###########.#.[g#.#.#
* ,
.........####i#.#.###
########.# ..#.#)..#
#.# ##.#####.####.#
#.#, [%#..........#
#.#######....######
#.......#.####
####..#.#.# #..#.#.#


You could see a spriggan baker.

Table legend:
 A = Turns spent in this place as a percentage of turns spent in the entire game.
 B = Non-inter-level travel turns spent in this place as a percentage of non-inter-level travel turns spent in the entire game.
 C = Inter-level travel turns spent in this place as a percentage of turns spent in this place.
 D = Turns resting spent in this place as a percentage of non-inter-level travel turns spent in this place.
 E = Turns spent auto-exploring this place as a percentage of non-inter-level travel turns spent in this place.
 F = Non-inter-level travel turns spent in this place divided by the number of levels of this place that you've seen.
                   A       B       C       D       E      F
               +-------+-------+-------+-------+-------+----------------------
         Total | 100.0 | 100.0 |   0.8 |   0.2 |  12.5 | 391.9
       Dungeon | 100.0 | 100.0 |   0.8 |   0.2 |  12.5 | 391.9
               +-------+-------+-------+-------+-------+----------------------

Table legend:
 A = Kills in this place as a percentage of kills in entire the game.
 B = Kills by you in this place as a percentage of kills by you in the entire game.
 C = Kills by friends in this place as a percentage of kills by friends in the entire game.
 D = Other kills in this place as a percentage of other kills in the entire game.
 E = Experience gained in this place as a percentage of experience gained in the entire game.
 F = Experience gained in this place divided by the number of levels of this place that you have seen.
                   A       B       C       D       E      F
               +-------+-------+-------+-------+-------+----------------------
         Total | 100.0 | 100.0 | 100.0 |  -nan | 100.0 | 346.6
       Dungeon | 100.0 | 100.0 | 100.0 |  -nan | 100.0 | 346.6
               +-------+-------+-------+-------+-------+----------------------

Vanquished Creatures
  A smoke demon (D:7)
  3 ynoxinuls
  A water moccasin (D:5)
  An ice beast (D:6)
  A black bear (D:7)
  An ogre (D:6)
  A sky beast (D:6)
  2 giant frogs (D:6)
  A scorpion (D:7)
  3 wights (D:7)
  2 goliath beetles
  A quasit (D:6)
  2 hounds (D:4)
  2 crimson imps
  An iguana (D:5)
  3 orc priests
  2 orc wizards
  4 worker ants
  Natasha (thrice) (D:3)
  Terence (D:3)
  13 adders
  2 shadow imps
  3 worms
  An adder skeleton (D:5)
  A giant gecko (D:3)
  An ooze (D:2)
  17 orcs
  2 ball pythons
  A bat skeleton (D:4)
  A giant cockroach (D:2)
  8 hobgoblins
  3 jackals (D:2)
  5 quokkas (D:3)
  10 bats
  A giant gecko zombie (D:5)
  3 giant newts
  8 goblins
  15 kobolds
  13 rats
144 creatures vanquished.

Vanquished Creatures (collateral kills)
  A smoke demon (D:7)
  A ynoxinul (D:7)
  A neqoxec (D:6)
  An orc warrior (D:7)
  2 wights (D:7)
  2 orc priests
  2 orc wizards
  An adder (D:7)
  An ufetubus (D:6)
  A giant gecko (D:7)
  4 orcs
  2 quokkas
19 creatures vanquished.

Vanquished Creatures (others)
  An ufetubus (D:6)
1 creature vanquished.

Grand Total: 164 creatures vanquished

Notes
Turn   | Place    | Note
--------------------------------------------------------------
     0 | D:1      | gw, the Deep Dwarf Gladiator, began the quest for the Orb.
     0 | D:1      | Reached XP level 1. HP: 19/19 MP: 1/1
     0 | D:1      | Noticed a vampire
     0 | D:1      | Noticed a dwarf
     0 | D:1      | Noticed an ogre
     3 | D:1      | Noticed a spriggan zombie
     3 | D:1      | Noticed a minotaur zombie
     5 | D:1      | Noticed a centaur skeleton
     6 | D:1      | Noticed a formicid zombie
     8 | D:1      | Noticed a draconian skeleton
    10 | D:1      | Noticed a troll zombie
    12 | D:1      | Noticed a troll zombie
    13 | D:1      | Noticed a human zombie
    14 | D:1      | Noticed a merfolk zombie
    16 | D:1      | Noticed an elf zombie
    16 | D:1      | Noticed a troll
    18 | D:1      | Noticed a minotaur zombie
    19 | D:1      | Noticed a merfolk zombie
   306 | D:1      | Reached XP level 2. HP: 26/26 MP: 2/2
   891 | D:2      | Reached XP level 3. HP: 28/32 MP: 3/3
  1141 | D:2      | Reached skill level 4 in Axes
  1141 | D:2      | Reached skill level 1 in Armour
  1186 | D:2      | Found a burning altar of Makhleb.
  1190 | D:2      | Became a worshipper of Makhleb the Destroyer
  1375 | D:2      | Reached XP level 4. HP: 20/39 MP: 4/4
  1434 | D:2      | Reached skill level 1 in Invocations
  1954 | D:3      | Acquired Makhleb's first power
  2071 | D:3      | Noticed Terence
  2117 | D:3      | Killed Terence
  2117 | D:3      | Reached XP level 5. HP: 39/46 MP: 6/6
  2172 | D:3      | Noticed Natasha
  2184 | D:3      | Killed Natasha
  2206 | D:3      | Noticed Natasha
  2212 | D:3      | Killed Natasha
  2243 | D:3      | Noticed Natasha
  2255 | D:3      | Killed Natasha
  2694 | D:4      | Found a staircase to the Ecumenical Temple.
  2779 | D:4      | Reached skill level 5 in Axes
  2791 | D:4      | Acquired Makhleb's second power
  3213 | D:4      | HP: 1/48 [orc priest/divine providence (13)]
  3217 | D:4      | Reached XP level 6. HP: 37/55 MP: 8/8
  4205 | D:5      | Entered Level 5 of the Dungeon
  4332 | D:5      | Acquired Makhleb's third power
  4549 | D:5      | Found a shadowy altar of Dithmenos.
  4578 | D:5      | Reached XP level 7. HP: 57/62 MP: 10/10
  4651 | D:5      | Noticed a water moccasin
  4652 | D:5      | Reached skill level 6 in Axes
  4659 | D:5      | Killed a water moccasin
  4759 | D:5      | Found a basalt altar of Yredelemnul.
  5334 | D:6      | Noticed a smoke demon
  5334 | D:6      | Gained mutation: You are clumsy. (Dex -2) [a neqoxec]
  5339 | D:6      | Gained mutation: Your magical capacity is low (-10% MP). [a neqoxec]
  5351 | D:6      | Reached XP level 8. HP: 61/72 MP: 11/11
  5448 | D:6      | Reached skill level 7 in Axes
  5855 | D:6      | Found a blossoming altar of Fedhas.
  6097 | D:7      | Reached skill level 5 in Invocations
  6574 | D:7      | HP: 1/73 [goliath beetle (6)]
  6587 | D:7      | Reached skill level 8 in Axes
  6997 | D:7      | Starved to death

Action                   |  1- 3 |  4- 6 |  7- 9 || total
-------------------------+-------+-------+-------++-------
Melee: War axe           |   109 |   399 |   274 ||   782
       Battleaxe         |       |       |   198 ||   198
Throw: Stone             |    24 |   144 |   140 ||   308
Invok: Minor Destruction |       |    10 |    39 ||    49
       Lesser Servant of |       |       |    14 ||    14
 Abil: Device Recharging |       |     1 |     5 ||     6
Evoke: Wand              |       |     5 |    26 ||    31
  Use: Scroll            |     2 |     8 |     5 ||    15
       Potion            |       |     9 |     5 ||    14
  Eat: Chunk             |     1 |    10 |     7 ||    18
       Bread ration      |       |     1 |       ||     1

Vault maps used:
D:1:      shiori_arrival_whats_in_store_for_you
D:2:      first_bread, makhleb_heckhound_becter
D:3:      st_stairs_3, uniq_natasha, uniq_terence
D:4:      minmay_temple_entry_purple_smoke
D:5:      kennysheep_mini_moat, lemuel_crystal_altar
D:6:      fedhas_altar_3
D:7:      the_bakery, uniq_iyjb, uniq_edmund
